 Dungeon Crawl Stone Soup version 0.19.5 (webtiles) character file.

170 Lizzreth the Slasher (level 5, -3/38 HPs)
             Began as a Vampire Gladiator on Mar 14, 2017.
             Slain by a phantom (7 damage)
             ... on level 4 of the Dungeon.
             The game lasted 00:11:12 (3310 turns).

Lizzreth the Slasher (Vampire Gladiator)            Turns: 3310, Time: 00:11:13

Health: -3/38      AC:  4    Str: 14    XL:     5   Next: 25%
Magic:  5/5        EV: 14    Int: 11    God:
Gold:   136        SH:  0    Dex: 15    Spells: 0 memorised, 4 levels left

rFire  . . .     SeeInvis +     p - +0 falchion
rCold  + + .     Gourm    .     b - +0 leather armour
rNeg   + + +     Faith    .     (no shield)
rPois  ∞         Spirit   .     c - +0 helmet
rElec  .         Reflect  .     (no cloak)
rCorr  .         Harm     .     (no gloves)
MR     .....                    (no boots)
Stlth  ++++......               (no amulet)
                                n - ring of stealth
                                k - +2 ring of evasion

@: bloodless, non-regenerating, heavily drained
A: fangs 3, see invisible, unbreathing
a: Bat Form


You were on level 4 of the Dungeon.
You were bloodless.

You visited 1 branch of the dungeon, and saw 4 of its levels.

You collected 136 gold pieces.

Inventory:

Hand Weapons
 a - a +0 long sword
 p - a +0 falchion (weapon)
Missiles
 d - 3 throwing nets (quivered)
Armour
 b - a +0 leather armour (worn)
 c - a +0 helmet (worn)
Jewellery
 k - a +2 ring of evasion (left hand)
 n - a ring of stealth (right hand)
 u - an uncursed amulet of harm
Scrolls
 e - a scroll of amnesia {unknown}
 f - a scroll of enchant weapon {unknown}
 g - 4 scrolls of teleportation {unknown}
 l - a scroll of enchant armour {unknown}
 m - 2 scrolls of identify {unknown}
 o - a scroll of fear {unknown}
 q - 3 scrolls of remove curse {unknown}
 t - a scroll of blinking {unknown}
Potions
 h - a potion of agility {unknown}
 i - a potion of heal wounds {unknown}
 j - 3 potions of flight {unknown}
 r - 2 potions of might {unknown}
 s - a potion of haste {unknown}


   Skills:
 - Level 1.7(0.2) Fighting
 * Level 5.7(4.0) Long Blades
 - Level 1.5(0.0) Throwing
 - Level 1.1(0.0) Armour
 - Level 3.2(1.6) Dodging


You had 4 spell levels left.
You didn't know any spells.

Dungeon Overview and Level Annotations

Branches:
Dungeon (4/15)
 Temple: D:4-7

Altars:
Fedhas
Qazlal
The Shining One


Innate Abilities, Weirdness & Mutations

You do not heal naturally.
You are immune to poison.
You have razor-sharp teeth.
You have supernaturally acute eyesight. (SInv)
You can survive without breathing.


Message History

The phantom blinks!
The phantom is too close now for your liking.
You slash the phantom!
The phantom is severely damaged.
The phantom hits you.
You hit the phantom.
The phantom is severely damaged.
The phantom hits you but does no damage.
You hit the phantom but do no damage. You bite the phantom.
The phantom is almost destroyed.
The phantom hits you.
* * * LOW HITPOINT WARNING * * *
You barely miss the phantom.
The phantom is almost destroyed.
The phantom hits you.
* * * LOW HITPOINT WARNING * * *
You hit the phantom. Your bite misses the phantom.
The phantom is almost destroyed.
The phantom hits you!
You die...

#...#...# #.#
#..##...####.#
#...#......#.#
##.#......##.#
+..#.#.#.###.####
####.#.#........#
#.#.#####.##.#
.........W##.#
..#.......@..#
..#############
.. ..^


You could see a phantom.

Vanquished Creatures
  Jessica (D:3)
  8 adders
  An ooze (D:4)
  An adder skeleton (D:4)
  A worm (D:2)
  4 dart slugs
  5 orcs
  6 bats
  A giant cockroach (D:1)
  4 goblins
  3 hobgoblins
  A quokka (D:2)
  4 frilled lizards
  9 kobolds
  8 rats
57 creatures vanquished.

Notes
Turn   | Place    | Note
-------+----------+-------------------------------------------
     0 | D:1      | Lizzreth the Vampire Gladiator began the quest for the Orb.
     0 | D:1      | Reached XP level 1. HP: 16/16 MP: 1/1
   192 | D:1      | Reached XP level 2. HP: 22/22 MP: 2/2
   322 | D:1      | Found a blossoming altar of Fedhas.
   818 | D:2      | Reached skill level 4 in Long Blades
  1011 | D:2      | Reached XP level 3. HP: 27/27 MP: 3/3
  1659 | D:2      | Found a stormy altar of Qazlal.
  2093 | D:3      | Reached XP level 4. HP: 33/33 MP: 4/4
  2126 | D:3      | Reached skill level 1 in Armour
  2713 | D:3      | Reached skill level 5 in Long Blades
  2781 | D:3      | Noticed Jessica
  2788 | D:3      | Killed Jessica
  2795 | D:3      | Found a glowing golden altar of the Shining One.
  2802 | D:3      | Reached XP level 5. HP: 35/38 MP: 5/5
  3294 | D:4      | Noticed a phantom
  3310 | D:4      | Slain by a phantom

Skill      XL: |  1  2  3  4 |
---------------+-------------+-----
Long Blades    | 4 5 |  5.7
Armour         | 1 |  1.1
Fighting       | |  1.7
Throwing       | |  1.5
Dodging        | |  3.2

Action                   |  1- 3 |  4- 6 || total
-------------------------+-------+-------++-------
Melee: Long sword        |    82 |       ||    82
       Bite              |    11 |    14 ||    25
       Falchion          |     5 |   106 ||   111
  Use: Potion            |     2 |       ||     2
 Stab: Sleeping          |     7 |    11 ||    18
Armor: Leather armour    |    10 |    22 ||    32
Dodge: Dodged            |    59 |    94 ||   153
       Rpst.: Long sword |    18 |       ||    18
       Falchion          |     1 |    33 ||    34
